 Dungeon Crawl Stone Soup version 0.28.0-49-g6dfe1f597d (webtiles) character file.

Game seed: 8526100739047904888

289 Zeld the Shield-Bearer (level 6, 34/57 HPs)
             Began as a Deep Dwarf Fighter on May 17, 2022.
             Quit the game on level 4 of the Dungeon.
             The game lasted 00:01:43 (719 turns).

Zeld the Shield-Bearer (Deep Dwarf Fighter)          Turns: 719, Time: 00:01:44

Health: 34/57      AC:  8    Str: 22    XL:     6   Next: 9%
Magic:  2/2        EV: 10    Int:  8    God:
Gold:   37         SH:  5    Dex: 12    Spells: 5/5 levels left

rFire   . . .      SeeInvis .   a - +0 war axe
rCold   . . .      Faith    .   q - +0 buckler
rNeg    . . .      Spirit   .   b - +0 scale mail
rPois   .          Reflect  .   e - +0 helmet
rElec   .          Harm     .   (no cloak)
rCorr   .          Rampage  .   (no gloves)
Will    .....                   (no boots)
Stlth   ..........              (no amulet)
HPRegen 0.00/turn               (no ring)
MPRegen 0.08/turn               (no ring)

@: no status effects
A: damage resistance, heal wounds, sense surroundings 1, no regeneration
a: Heal Wounds


You were on level 4 of the Dungeon.
You visited 1 branch of the dungeon, and saw 4 of its levels.

You collected 37 gold pieces.

Inventory:

Hand Weapons
 a - a +0 war axe (weapon)
 j - a +0 dagger
Armour
 b - a +0 scale mail (worn)
 e - a +0 helmet (worn)
 q - a +0 buckler (worn)
Scrolls
 f - a scroll of fear {unknown}
 h - a scroll of enchant weapon {unknown}
Potions
 c - a potion of heal wounds {unknown}
 d - a potion of might
 g - a potion of mutation {unknown}
 i - a potion of degeneration {unknown}


   Skills:
 * Level 3.8 Fighting
 * Level 3.9 Axes
 + Level 4.0 Armour
 + Level 2.0 Dodging
 * Level 4.8 Shields


You had 5 spell levels left.
You didn't know any spells.
Your spell library was empty.

Dungeon Overview and Level Annotations

Branches:
Dungeon (4/15)
 Temple: D:4-7

Altars:


Innate Abilities, Weirdness & Mutations

You are resistant to damage.
You can heal yourself by infusing magical energy.
You passively map a small area around you.
You do not regenerate.


Message History

An endoplasm comes into view.
Menkaure hits you! The adder bites you but does no damage.
Unknown command.
The endoplasm quivers.
You hit Menkaure.
Menkaure is almost destroyed.
You hit the adder.
You kill the adder!
Menkaure casts a spell at you. Pain shoots through your body!
Menkaure hits you!
You slash Menkaure!
You destroy Menkaure!
You slash the orc!
You kill the orc!
Your Armour skill increases to level 4!
You have reached level 6!
You hit the orc.
The orc is almost dead.
You slash the orc!
You kill the orc!
Unknown command.
You slash the orc!
You kill the orc!
You hit the endoplasm.
You kill the endoplasm!
Your Dodging skill increases to level 2!
You slash the orc!
You kill the orc!
Unknown command.
You slash the endoplasm!
You kill the endoplasm!
Unknown command.
No target in view!
Unknown command.
No target in view!
You see here a +0 dagger.
j - a +0 dagger Are you sure you want to abandon this character and quit the game? (Confirm with "yes".)
Okay, then.
Are you sure you want to abandon this character and quit the game? (Confirm with "yes".)

## #. , ,
#.#..#.########
* ,
,#.#..#.........
,
#..............
,
#..............
, $..........S(.
...#..<...#,
,#.#<#,, , * *
#.@.# , , ,
###†#,, * , ,, ,
, , #.#, , **
,*, #.# ,, , , ,
, ,..# , , * *
### , * * , * ,
, , * , * ,


There were no monsters in sight!

Vanquished Creatures
  Menkaure (D:4)
  A hound (D:3)
  An orc priest (D:3)
  An orc wizard (D:3)
  3 adders
  3 dart slugs
  6 orcs
  8 endoplasms
  2 giant cockroaches
  3 goblins
  2 hobgoblins (D:1)
  2 quokkas
  7 ball pythons
  8 bats
  A frilled lizard (D:1)
  5 kobolds
  A rat (D:3)
55 creatures vanquished.

Notes
Turn   | Place    | Note
-------+----------+-------------------------------------------
     0 | D:1      | Zeld the Deep Dwarf Fighter began the quest for the Orb.
     0 | D:1      | Reached XP level 1. HP: 20/20 MP: 1/1
    33 | D:1      | Reached XP level 2. HP: 17/27 MP: 2/2
   224 | D:2      | Reached XP level 3. HP: 34/34 MP: 2/2
   403 | D:3      | Reached skill level 1 in Dodging
   436 | D:3      | Reached XP level 4. HP: 14/42 MP: 3/3
   562 | D:3      | Reached XP level 5. HP: 39/49 MP: 3/3
   576 | D:3      | Identified the +1 scale mail of Circular Logic {Fly Int+5}
   698 | D:4      | Noticed Menkaure
   712 | D:4      | Killed Menkaure
   713 | D:4      | Reached XP level 6. HP: 34/57 MP: 2/2
   719 | D:4      | Quit the game

Illustrated notes

Levels and vault maps discovered:
D:1:      doesnt_arrival_eight_statues, layout_rooms,
          hellmonk_ecumenical_altar_pennies_from_heaven, minmay_bisected
D:2:      layout_basic, kennysheep_generic_room_15
D:3:      layout_basic
D:4:      layout_basic, uniq_robin, uniq_menkaure

Skill      XL: |  1  2  3  4  5  6 |
---------------+-------------------+-----
Fighting       | 3 |  3.8
Axes           | 3 |  3.9
Dodging        | 1 2 |  2.0
Shields        | 4 |  4.8
Armour         | 4 |  4.0

Action                   |  1- 3 |  4- 6 || total
-------------------------+-------+-------++-------
Melee: War axe           |    99 |    50 ||   149
 Abil: Heal Wounds       |     2 |     5 ||     7
Armor: Scale mail        |    88 |    32 ||   120
Dodge: Dodged            |    89 |    37 ||   126
Block: Buckler           |    20 |    12 ||    32
